 Dungeon Sprint DCSS version 0.29-a0-338-g1ff7896281 (webtiles) character file.

Game seed: 13175981969304218686

46139 mhtbhm the Executioner (level 14, -3/168 HPs)
             Began as a Gargoyle Berserker on Apr 17, 2022.
             Was an Elder of Trog.
             Slain by Batuhaf the pandemonium lord (14 damage)
             ... in the Dungeon (Sprint VII: "The Pits").
             The game lasted 00:16:57 (5474 turns).

mhtbhm the Executioner (Gargoyle Berserker)         Turns: 5474, Time: 00:16:58

Health: -3/168     AC: 49    Str: 25    XL:     14   Next: 36%
Magic:  9/14       EV:  8    Int:  9    God:    Trog [****..]
Gold:   28         SH:  8    Dex:  9    Spells: 13/13 levels left

rFire   + + +      SeeInvis .   C - +5 war axe (flame)
rCold   + + .      Faith    .   s - +2 shield of Resistance {rF++ rC++ Will++}
rNeg    + . .      Spirit   .   b - +5 plate armour {rF+}
rPois   ∞          Reflect  .   (no helmet)
rElec   +          Harm     .   m - +1 cloak {rCorr}
rCorr   +          Rampage  .   D - +2 pair of gloves {infuse}
Will    +++++      NoTele   +   I - +1 pair of boots
Stlth   ..........              (no amulet)
HPRegen 1.38/turn               h - +3 ring of protection
MPRegen 0.14/turn               k - +3 ring of protection

@: mighty, berserking, strong-willed, flying, regenerating, hasted, studying
Long Blades, very quick
A: sickness immunity, AC +10, big wings, negative energy resistance 1,
electricity resistance, torment resistance 1, petrification resistance
a: Renounce Religion, Berserk, Trog's Hand, Brothers in Arms


You were in the Dungeon.
You worshipped Trog.
Trog was greatly pleased with you.
You visited 1 branch You collected 28 gold pieces.

Inventory:

Hand Weapons
 a - a +4 battleaxe of flaming
 d - the +6 arbalest "Damnation" {damnation}
   (You found it in the Dungeon)

   Any ammunition fired from it explodes in a burst of damnation on striking a
   foe, dealing damage which bypasses armour.
 n - a +8 battleaxe
 C - a +5 war axe of flaming (weapon)
 F - the +12 glaive of Prune {vorpal}
   (You took it off a vampire mage in the Dungeon)

   It inflicts extra damage upon your enemies.
   It halves damage taken while paralysed, petrified or unconscious.
 G - a +1 vampiric morningstar
Missiles
 x - 2 throwing nets (quivered)
 B - 5 silver javelins
Armour
 b - a +5 plate armour of fire resistance (worn)
 m - a +1 cloak of preservation (worn)
 s - the +2 shield of Resistance (worn) {rF++ rC++ Will++}
   (You found it in the Dungeon)

   rF:        It greatly protects you from fire.
   rC:        It greatly protects you from cold.
   Will:      It greatly increases your willpower.
 D - a +2 pair of gloves of infusion (worn)
 H - the +0 tower shield of Incorporation {+Inv}
   (You took it off Louise in the Dungeon)

   +Inv:      It lets you turn invisible.
 I - a +1 pair of boots (worn)
Jewellery
 h - a +3 ring of protection (left hand)
 k - a +3 ring of protection (right hand)
 t - a ring of willpower
 y - a ring of see invisible
 E - a ring of positive energy
Scrolls
 j - a scroll of summoning
 p - a scroll of fear
 q - 6 scrolls of enchant armour
 u - a scroll of silence
 v - a scroll of identify
Potions
 c - 6 potions of curing
 f - 4 potions of magic
 g - 6 potions of berserk rage
 i - a potion of invisibility
 l - 2 potions of might
 r - a potion of mutation
 w - 2 potions of flight
Miscellaneous
 z - a lightning rod (4/4)


   Skills:
 + Level 22.2 Fighting
 + Level 23.5 Axes
 + Level 18.7 Armour
 + Level 9.1 Dodging
 - Level 2.7 Stealth
 + Level 7.3 Evocations


You had 13 spell levels left.
You didn't know any spells.
Your spell library was empty.

Dungeon Overview and Level Annotations

Branches:
Dungeon (1/1)

Altars:


Innate Abilities, Weirdness & Mutations

You are immune to sickness and miasma.
Your stone body is resilient. (AC +10)
You are immune to poison.
Your large and strong wings let you fly.
You resist negative energy. (rN+)
You are resistant to electric shocks. (rElec)
You are resistant to unholy torment.
You are immune to petrification.


Message History

Okay, then.
Your deep troll goes berserk!
Trog will no longer gift you weapons. Batuhaf trunk-slaps your deep troll!!!
Unknown command.
You feel better. Batuhaf trunk-slaps your deep troll!!!
Your deep troll dies!
Your deep troll's corpse disappears in a puff of smoke!
Unknown command.
A red film seems to cover your vision as you go berserk!
You feel yourself moving faster!
You feel mighty! Batuhaf trunk-slaps you!! Batuhaf closely misses you.
You slash Batuhaf!
Batuhaf is lightly wounded.
You block Batuhaf's attack. Batuhaf trunk-slaps you!!!
You slash Batuhaf!
Batuhaf is lightly wounded.
Batuhaf trunk-slaps you but does no damage.
You hit Batuhaf but do no damage.
Batuhaf is lightly wounded.
Batuhaf closely misses you.
You closely miss Batuhaf.
Batuhaf is lightly wounded.
Batuhaf trunk-slaps you!!!
* * * LOW HITPOINT WARNING * * *
You hear a deafening roar!
Batuhaf trunk-slaps you!!
* * * LOW HITPOINT WARNING * * *
Press: ? - help, v - describe, . - travel
Here: Batuhaf, armed with a vampiric touch (lightly wounded, berserk)
An open door.
You hit Batuhaf but do no damage.
Batuhaf is lightly wounded.
You block Batuhaf's attack.
Unknown command.
Unknown command.
You slice Batuhaf!!
Batuhaf is lightly wounded.
Batuhaf trunk-slaps you!
You die...

#D# #J# #.# #'#
#.# #'# #Y# #&#
#@# #[#
################'#
................=#
...[..........)..#
'##############..#
[..#[[[[#[[#[[#..#
)).##''##[[#[.#..#
[[.#....#.....#..#


You could see Batuhaf (berserk), a dire elephant (berserk) and an acid blob
(berserk).

Vanquished Creatures
  A royal mummy (D)
  A Hell Sentinel (D)
  A death cob (D)
  Louise (D)
  Aizul (D)
  An orc warlord (D)
  An ophan (D)
  A deep elf demonologist (D)
  A minotaur (D)
  A red draconian (D)
  2 great orbs of eyes (D)
  3 vault guards (D)
  A spriggan air mage (D)
  An ice dragon (D)
  A naga warrior (D)
  A two-headed ogre (D)
  An alligator snapping turtle (D)
  A spriggan (D)
  4 deep elf knights (D)
  A vampire mage (D)
  A sun demon (D)
  A sixfirhy (D)
  A fire crab (D)
  A spriggan druid (D)
  A flayed ghost (D)
  9 orc knights (D)
  A wolf spider (D)
  An ugly thing (D)
  An orc sorcerer (D)
  A manticore (D)
  A cyclops (D)
  2 elephants (D)
  A black mamba (D)
  A smoke demon (D)
  A molten gargoyle (D)
  An orange demon (D)
  2 unseen horrors (D)
  A gargoyle (D)
  A guardian serpent (D)
  A komodo dragon (D)
  An unseen horror (shapeshifter) (D)
  4 yaktaurs (D)
  A demonic crawler (D)
  2 efreet (D)
  A merfolk (D)
  2 hellwings (D)
  3 hornets (D)
  A snapping turtle (D)
  A vampire (D)
  A ynoxinul (D)
  A fire bat (D)
  A steam dragon (D)
  3 yaks (D)
  6 vampire mosquitoes (D)
  A chaos spawn (D)
  2 wargs (D)
  4 redbacks (D)
  An acid dragon (D)
  2 water moccasins (D)
  A swamp drake (D)
  An orc warrior (D)
  An ice beast (shapeshifter) (D)
  3 centaurs (D)
  2 small abominations (D)
  4 wolves (D)
  A lemure (D)
  2 phantoms (D)
  A bullfrog (D)
  A scorpion (D)
  4 killer bees (D)
  A jelly (D)
  An orc priest (D)
  A gnoll shaman (D)
  A hound (D)
  2 iguanas (D)
  2 orc wizards (D)
  2 mummies (D)
  4 gnolls (D)
  An adder (D)
  A white imp (D)
  An adder skeleton (D)
  7 orcs (D)
  A ball python (D)
  3 bat skeletons (D)
  An endoplasm (D)
  A giant cockroach (D)
  2 kobolds (D)
  A ball python zombie (D)
  2 frilled lizards (D)
  A block of ice (D)
151 creatures vanquished.

Vanquished Creatures (collateral kills)
  Lom Lobon (D)
  An orc warlord (D)
  A yaktaur captain (D)
  A boulder beetle (D)
  A naga warrior (D)
  Pikel (D)
  An orc knight (D)
  An orc sorcerer (D)
  A molten gargoyle (D)
  An efreet (D)
  2 yaktaurs (D)
  A spriggan (D)
  A gnoll sergeant (D)
  An orc wizard (D)
  5 gnolls (D)
  A worm (D)
21 creatures vanquished.

Vanquished Creatures (others)
  A wizard (D)
  3 jackals (D)
4 creatures vanquished.

Grand Total: 176 creatures vanquished

Notes
Turn   | Place    | Note
-------+----------+-------------------------------------------
     0 | D        | mhtbhm the Gargoyle Berserker began the quest for the Orb.
     0 | D        | Reached XP level 1. HP: 14/14 MP: 1/1
    13 | D        | Noticed a scorpion
    19 | D        | Killed a scorpion
    20 | D        | Reached skill level 5 in Fighting
    20 | D        | Reached skill level 5 in Axes
    20 | D        | Reached XP level 2. HP: 20/22 MP: 2/2
    20 | D        | Reached XP level 3. HP: 25/27 MP: 3/3
    20 | D        | Reached XP level 4. HP: 30/32 MP: 4/4
   130 | D        | Reached ** piety under Trog
   162 | D        | Reached *** piety under Trog
   177 | D        | Reached skill level 6 in Axes
   177 | D        | Reached XP level 5. HP: 19/37 MP: 5/5
   443 | D        | Noticed Pikel
   443 | D        | Noticed a lemure
   443 | D        | Noticed a lemure
   443 | D        | Noticed a fire bat
   443 | D        | Noticed a centaur
   443 | D        | Noticed a lemure
   443 | D        | Noticed a lemure
   449 | D        | Killed a fire bat
   449 | D        | Reached **** piety under Trog
   450 | D        | Reached skill level 8 in Axes
   450 | D        | Reached XP level 6. HP: 44/44 MP: 6/6
   453 | D        | Reached skill level 9 in Axes
   454 | D        | Reached skill level 5 in Armour
   467 | D        | Killed Pikel
   468 | D        | Reached skill level 10 in Fighting
   468 | D        | Reached skill level 11 in Axes
   468 | D        | Reached XP level 7. HP: 41/53 MP: 7/7
   471 | D        | Reached XP level 8. HP: 47/59 MP: 8/8
   472 | D        | Reached ***** piety under Trog
   745 | D        | Noticed a hornet
   760 | D        | Killed a hornet
   761 | D        | Reached skill level 12 in Axes
   875 | D        | Received a gift from Trog
  1000 | D        | Killed an unseen horror
  1001 | D        | Reached skill level 5 in Dodging
  1001 | D        | Reached XP level 9. HP: 65/65 MP: 9/9
  1004 | D        | Reached ****** piety under Trog
  1004 | D        | Received a gift from Trog
  1005 | D        | Reached skill level 13 in Axes
  1287 | D        | Noticed a great orb of eyes
  1289 | D        | Noticed an elephant
  1292 | D        | Received a gift from Trog
  1295 | D        | Killed a great orb of eyes
  1296 | D        | Reached skill level 14 in Axes
  1296 | D        | Reached skill level 10 in Armour
  1301 | D        | Killed an elephant
  1352 | D        | Reached XP level 10. HP: 73/73 MP: 10/10
  1355 | D        | Received a gift from Trog
  1477 | D        | Noticed a spriggan druid
  1478 | D        | Noticed a flayed ghost
  1483 | D        | Killed a spriggan druid
  1484 | D        | Reached skill level 15 in Axes
  1488 | D        | Killed a flayed ghost
  1651 | D        | Noticed Aizul
  1657 | D        | Reached skill level 16 in Axes
  1658 | D        | Received a gift from Trog
  1670 | D        | Killed Aizul
  1857 | D        | Noticed an elephant
  1867 | D        | Killed an elephant
  1947 | D        | Noticed a cyclops
  1947 | D        | Noticed a manticore
  1951 | D        | Killed a cyclops
  1952 | D        | Reached skill level 17 in Axes
  1952 | D        | Reached XP level 11. HP: 74/80 MP: 11/11
  1957 | D        | Killed a manticore
  2104 | D        | Received a gift from Trog
  2171 | D        | Reached skill level 1 in Stealth
  2344 | D        | Noticed an orc sorcerer
  2347 | D        | Received a gift from Trog
  2348 | D        | Noticed an orc knight
  2355 | D        | Killed an orc sorcerer
  2356 | D        | Reached skill level 15 in Fighting
  2358 | D        | Killed an orc knight
  2358 | D        | Received a gift from Trog
  2359 | D        | Reached skill level 18 in Axes
  2414 | D        | Noticed a death cob
  2421 | D        | Killed a death cob
  2434 | D        | Received a gift from Trog
  2435 | D        | Reached skill level 19 in Axes
  2568 | D        | Noticed a two-headed ogre
  2575 | D        | Killed a two-headed ogre
  2699 | D        | Received a gift from Trog
  2702 | D        | Reached XP level 12. HP: 53/88 MP: 12/12
  2713 | D        | Received a gift from Trog
  2721 | D        | Reached skill level 20 in Axes
  2957 | D        | Noticed a spriggan air mage
  2957 | D        | Noticed a minotaur
  2969 | D        | Killed a spriggan air mage
  2970 | D        | Received a gift from Trog
  2971 | D        | Killed a minotaur
  3113 | D        | Noticed a red draconian
  3128 | D        | Killed a red draconian
  3128 | D        | Received a gift from Trog
  3128 | D        | Identified the +6 chain mail of the Baleful God {rElec}
  3131 | D        | Reached skill level 21 in Axes
  3132 | D        | Noticed an ice dragon
  3136 | D        | Killed an ice dragon
  3137 | D        | Noticed a boulder beetle
  3138 | D        | Noticed an alligator snapping turtle
  3154 | D        | Killed a boulder beetle
  3154 | D        | Received a gift from Trog
  3155 | D        | Noticed a vampire mage
  3159 | D        | Killed a vampire mage
  3159 | D        | Noticed a sun demon
  3160 | D        | Reached skill level 15 in Armour
  3162 | D        | Killed a sun demon
  3163 | D        | Received a gift from Trog
  3166 | D        | Reached skill level 1 in Evocations
  3168 | D        | Killed an alligator snapping turtle
  3169 | D        | Reached XP level 13. HP: 58/97 MP: 6/13
  3184 | D        | Received a gift from Trog
  3189 | D        | Reached skill level 22 in Axes
  3598 | D        | Noticed Lom Lobon
  3633 | D        | Killed Lom Lobon
  3855 | D        | Identified the +0 tower shield of Incorporation {+Inv}
  3855 | D        | Noticed Louise
  3864 | D        | Killed Louise
  3864 | D        | Received a gift from Trog
  3903 | D        | Noticed a royal mummy
  3912 | D        | Killed a royal mummy
  3913 | D        | Reached skill level 5 in Evocations
  4094 | D        | Noticed a Hell Sentinel
  4109 | D        | Killed a Hell Sentinel
  4456 | D        | Noticed an ophan
  4460 | D        | Killed an ophan
  4525 | D        | Noticed a great orb of eyes
  4526 | D        | Noticed an orc warlord
  4526 | D        | Noticed an orc warlord
  4528 | D        | Noticed a vault guard
  4531 | D        | Killed a great orb of eyes
  4546 | D        | Received a gift from Trog
  4549 | D        | Killed an orc warlord
  4550 | D        | Reached skill level 23 in Axes
  4552 | D        | Gained mutation: Your large and strong wings let you fly.
                  | [Gargoyle growth]
  4552 | D        | Reached XP level 14. HP: 55/108 MP: 0/14
  4558 | D        | Noticed a deep elf demonologist
  4572 | D        | Identified the +7 broad axe "Cyagon" {vorpal, rElec rPois
                  | Will+ Str-4} (Trog gifted it to you in the Dungeon)
  4572 | D        | Received a gift from Trog
  4573 | D        | Noticed a Tzitzimitl
  4590 | D        | Killed an orc warlord
  4595 | D        | Killed a deep elf demonologist
  4595 | D        | Received a gift from Trog
  5088 | D        | Received a gift from Trog
  5255 | D        | Found the +2 shield of Resistance {rF++ rC++ Will++}
  5336 | D        | Found the +6 arbalest "Damnation" {damnation}
  5457 | D        | Noticed a white draconian
  5457 | D        | Noticed a deep elf master archer
  5457 | D        | Noticed a dire elephant
  5457 | D        | Noticed Batuhaf the pandemonium lord
  5457 | D        | Noticed an acid blob
  5474 | D        | Slain by Batuhaf the pandemonium lord

Illustrated notes

Levels and vault maps discovered:
D:        pitsprint [storerooms_1, entrance_room_1, metal_vault_6, armoury_1,
          mini_pit_1, grid_room_1, main_hall_1, silver_pit, the_coven_1,
          the_vestibule_1, steel_vault_5, golden_pit, hallway_of_sentries,
          crystal_vault_4, iron_vault_1, final_vault]

Skill      XL: |  1  2  3  4  5  6  7  8  9 10 11 12 13 14 |
---------------+-------------------------------------------+-----
Fighting       | 5 6 8 10 12 13 14 16 18 20 22 | 22.2
Axes           | 5 6 8 11 12 14 17 19 21 23 | 23.5
Armour         | 3 4 6 9 10 12 13 15 17 18 | 18.7
Dodging        | 2 3 4 5 6 7 8 9 |  9.1
Stealth        | 2 |  2.7
Evocations     | 1 6 7 |  7.3

Action                   |  1- 3 |  4- 6 |  7- 9 | 10-12 | 13-15 || total
-------------------------+-------+-------+-------+-------+-------++-------
Melee: Hand axe          |     3 |    42 |    36 |       |       ||    81
       Battleaxe         |       |       |    45 |   187 |   130 ||   362
       War axe           |       |       |       |       |     6 ||     6
Invok: Berserk           |     1 |     1 |     2 |     7 |     6 ||    17
       Brothers in Arms  |       |     1 |       |     4 |     9 ||    14
       Trog's Hand       |       |       |       |     1 |     3 ||     4
Evoke: Lightning rod     |       |       |       |     7 |    11 ||    18
  Use: Potion            |       |     1 |       |     4 |    19 ||    24
       Scroll            |       |     1 |       |       |     6 ||     7
 Stab: Invisible         |       |       |       |       |     9 ||     9
       Distracted        |       |       |       |       |     1 ||     1
Armor: Animal skin       |     2 |     7 |       |       |       ||     9
       Plate armour      |       |    11 |    29 |       |     2 ||    42
       Chain mail        |       |       |    36 |   149 |    78 ||   263
Dodge: Dodged            |     2 |    25 |    48 |    79 |    58 ||   212
Block: Kite shield       |       |       |       |       |     2 ||     2

Table legend: (Time is in decaauts)
 A = Elapsed time spent in this place.
 B = Non-inter-level travel time spent in this place.
 C = Inter-level travel time spent in this place.
 D = Time resting spent in this place.
 E = Time spent auto-exploring this place.
 F = Levels seen in this place.
 G = Mean time per level.
                   A        B        C        D        E       F      G
               +--------+--------+--------+--------+--------+-----+--------+
         Total |   5517 |   5502 |     15 |   3416 |      0 |   1 | 5517.0 |
       Dungeon |   5517 |   5502 |     15 |   3416 |      0 |   1 | 5517.0 |
               +--------+--------+--------+--------+--------+-----+--------+

Top non-repeatable levels by time:
       D: 5517 daAuts
